 Dungeon Crawl Stone Soup version 0.20-a0-494-gf50ee04 (webtiles) character file.

12442 Faca the Carver (level 12, -8/93 HPs)
             Began as a Formicid Fighter on Jan 17, 2017.
             Was a High Priest of Okawaru.
             Mangled by a reaper
             ... wielding a +2 scythe of freezing
              (39 damage)
             ... in an ice cave on Jan 18, 2017.
             The game lasted 00:42:13 (14079 turns).

Faca the Carver (Formicid Fighter)                 Turns: 14079, Time: 00:42:15

Health: -8/93      AC: 19    Str: 23    XL:     12   Next: 20%
Magic:  12/12      EV:  8    Int:  9    God:    Okawaru [*****.]
Gold:   442        SH: 12    Dex: 12    Spells: 11/11 levels left

rFire    . . .     SeeInvis +   p - +4 great sword (freeze)
rCold    + . .     Gourm    +   l - +0 plate armour
rNeg     . . .     Faith    .   c - +0 shield
rPois    .         Spirit   .   (helmet unavailable)
rElec    .         Reflect  .   (no cloak)
rCorr    .         Harm     .   b - +0 pair of gloves
MR       +....                  a - +2 pair of boots {run}
Stlth    ..........             n - amulet of the gourmand
Regen    0.3/turn               (no ring)
                                o - ring of protection from cold

@: quick
A: permanent stasis, dig shafts and tunnels, four strong arms, antennae 3
a: Dig, Shaft Self, Heroism, Finesse, Renounce Religion


You were in an ice cave.
You worshipped Okawaru.
Okawaru was extremely pleased with you.
You were full.

You visited 1 branch of the dungeon, and saw 11 of its levels.
You also visited: Ice Cave.

You collected 442 gold pieces.

Inventory:

Hand Weapons
 g - the +2 short sword of Symmetry {speed, rN+ Stlth+}
   (You found it on level 8 of the Dungeon)

   Attacks with this weapon are significantly faster.
   It protects you from negative energy.
   It makes you more stealthy.
 p - a +4 great sword of freezing (weapon)
Armour
 a - a +2 pair of boots of running (worn)
 b - a +0 pair of gloves (worn)
 c - a +0 shield (worn)
 l - a +0 plate armour (worn)
 s - a +0 pair of boots of flying
 t - a +2 pair of boots of stealth
Jewellery
 n - an amulet of the gourmand (around neck)
 o - a ring of protection from cold (left hand)
Wands
 u - a wand of paralysis (24/24)
 x - a wand of flame (22/48)
Scrolls
 e - 13 scrolls of identify
 h - 6 scrolls of remove curse
 j - a scroll of recharging
Potions
 d - a potion of might
 f - 3 potions of lignification
 i - a potion of heal wounds
 k - a potion of curing
Comestibles
 m - 3 meat rations
 q - 2 beef jerkies
 r - 3 bread rations
 w - 2 slices of pizza


   Skills:
 + Level 8.2 Fighting
 + Level 1.0(7.9) Short Blades
 + Level 12.1 Long Blades
 + Level 9.6 Armour
 + Level 2.0 Dodging
 + Level 0.3 Stealth
 + Level 11.3 Shields


You had 11 spell levels left.
You didn't know any spells.

Dungeon Overview and Level Annotations

Branches:
Dungeon (11/15)            Temple (0/1) D:6            Lair (0/6) D:9
    Orc: D:9-12

Altars:
Nemelex Xobeh
Okawaru
Uskayaw
Zin
The Shining One

Shops:
D:4 [   D:6 [   D:9 !   D:10 :


Innate Abilities, Weirdness & Mutations

You cannot be hasted, slowed, berserked, paralysed or teleported.
You can dig through walls and to a lower floor.
Your four strong arms can wield two-handed weapons with a shield.
You have a pair of large antennae on your head. (SInv)


Message History

The reaper freezes you.
You slash the reaper! You freeze the reaper.
The reaper is heavily wounded.
You hit the reaper but do no damage.
The reaper is heavily wounded.
The reaper hits you but does no damage.
You slash the reaper! You freeze the reaper.
The reaper is severely wounded.
You block the reaper's attack.
You slash the reaper! You freeze the reaper.
The reaper is almost dead.
The reaper closely misses you.
You riposte.
You hit the reaper but do no damage.
The reaper is almost dead.
Your plate armour prevents you from hitting the reaper.
The reaper is almost dead.
Your plate armour prevents you from hitting the reaper.
The reaper is almost dead.
The reaper hits you with a scythe of freezing!!!
You die...

##..§.§§####§.#
##....§§.#...§§§
{
##.....§§##...§≈.
{ #.......##.....
{ #
##...........# #
##.....###..# ###
# ###..#.....#
...## #
####.....#......
# ###.@2...# ##
###.....# #. {
###.### #. ... ##
[## # ##


You could see a reaper.

Vanquished Creatures
  A cyclops (D:10)
  Joseph (D:8)
  2 ice statues (IceCv)
  The ghost of Zazen the Insei, a novice DsWr of Makhleb (D:6)
  The ghost of Shayle the Conjurer, a novice MiWz (D:5)
  6 ice devils (IceCv)
  2 rime drakes (D:11)
  3 trolls (D:10)
  A merfolk (D:10)
  3 hippogriffs
  Sigmund (D:5)
  A wyvern (D:11)
  8 yaks (D:10)
  The ghost of christhawk the Shield-Bearer, an amateur GrFi (D:4)
  2 hell hounds (D:9)
  4 orc warriors
  A hornet zombie (D:9)
  4 ice beasts
  7 phantoms
  A black bear (D:9)
  2 centaurs
  3 ogres
  3 big kobolds
  5 bullfrogs
  A wyvern skeleton (D:6)
  8 killer bees (D:10)
  3 scorpions
  6 howler monkeys
  11 crimson imps
  2 bullfrog zombies (D:8)
  A bullfrog skeleton (D:4)
  2 centaur zombies
  4 orc priests
  4 hounds
  4 jellies
  Jessica (D:2)
  4 iguanas
  8 orc wizards
  4 worker ants
  A hound skeleton (D:6)
  A howler monkey zombie (D:5)
  A worker ant zombie (D:8)
  Robin (D:2)
  7 gnolls
  12 adders
  2 shadow imps
  7 white imps
  7 ufetubi (IceCv)
  An ooze (D:7)
  An adder skeleton (D:8)
  2 dart slugs (D:4)
  3 leopard geckos
  37 orcs
  2 ball pythons
  9 bats
  5 giant cockroaches
  13 hobgoblins
  16 jackals
  6 quokkas
  8 frilled lizards
  7 goblins
  A jackal zombie (D:5)
  18 kobolds
  A leopard gecko skeleton (D:5)
  A quokka skeleton (D:5)
  A quokka zombie (D:7)
  7 rats
305 creatures vanquished.

Vanquished Creatures (others)
  A white imp (IceCv)
  5 ufetubi (IceCv)
6 creatures vanquished.

Grand Total: 311 creatures vanquished

Notes
Turn   | Place    | Note
-------+----------+-------------------------------------------
     0 | D:1      | Faca the Formicid Fighter began the quest for the Orb.
     0 | D:1      | Reached XP level 1. HP: 18/18 MP: 1/1
   155 | D:1      | Reached XP level 2. HP: 23/24 MP: 2/2
   717 | D:2      | Reached XP level 3. HP: 29/29 MP: 3/3
  1215 | D:2      | Reached XP level 4. HP: 32/36 MP: 4/4
  1294 | D:2      | Noticed Robin
  1305 | D:2      | Killed Robin
  1498 | D:2      | Reached skill level 3 in Long Blades
  1541 | D:2      | Noticed Jessica
  1547 | D:2      | Killed Jessica
  1547 | D:2      | Reached XP level 5. HP: 42/42 MP: 5/5
  2377 | D:3      | Reached XP level 6. HP: 48/48 MP: 6/6
  2613 | D:3      | Reached skill level 4 in Long Blades
  2624 | D:4      | Noticed a phantom
  2624 | D:4      | Noticed christhawk's ghost (amateur GrFi)
  2677 | D:3      | Killed a phantom
  2677 | D:3      | Reached skill level 5 in Shields
  3185 | D:4      | Reached XP level 7. HP: 38/54 MP: 7/7
  3407 | D:4      | Reached skill level 5 in Long Blades
  3512 | D:4      | Killed christhawk's ghost
  3512 | D:4      | Reached skill level 5 in Armour
  3512 | D:4      | Reached skill level 1 in Dodging
  3668 | D:4      | Found Wong's Armour Shoppe.
  3732 | D:4      | Found a hide-covered altar of Uskayaw.
  3735 | D:4      | Found a sparkling altar of Nemelex Xobeh.
  3738 | D:4      | Found an iron altar of Okawaru.
  3742 | D:4      | Became a worshipper of Warmaster Okawaru
  3748 | D:4      | Found a glowing silver altar of Zin.
  3985 | D:5      | Entered Level 5 of the Dungeon
  4041 | D:5      | Reached XP level 8. HP: 61/61 MP: 8/8
  4340 | D:5      | Reached skill level 6 in Long Blades
  4505 | D:5      | Reached * piety under Okawaru
  4579 | D:5      | Noticed Shayle's ghost (novice MiWz)
  4786 | D:5      | Killed Shayle's ghost
  4821 | D:5      | Reached skill level 5 in Fighting
  4950 | D:5      | Noticed Sigmund
  4982 | D:5      | Killed Sigmund
  4982 | D:5      | Reached ** piety under Okawaru
  4982 | D:5      | Reached skill level 7 in Long Blades
  4982 | D:5      | Reached XP level 9. HP: 49/68 MP: 9/9
  5223 | D:6      | Found a staircase to the Ecumenical Temple.
  5536 | D:6      | Found Oqepory's Antique Armour Boutique.
  5568 | D:6      | Reached skill level 8 in Long Blades
  5753 | D:6      | Noticed Zazen's ghost (novice DsWr)
  5878 | D:6      | Killed Zazen's ghost
  6907 | D:7      | Reached *** piety under Okawaru
  6907 | D:7      | Reached XP level 10. HP: 71/76 MP: 10/10
  6937 | D:7      | Reached skill level 9 in Long Blades
  7904 | D:8      | Noticed Joseph
  7958 | D:8      | Killed Joseph
  8428 | D:8      | Got an ichor-stained short sword
  8430 | D:8      | Identified the cursed +2 short sword of Symmetry {speed, rN+ Stlth+} (You found it on level 8 of the Dungeon)
  8821 | D:9      | Reached skill level 1 in Short Blades
  9025 | D:9      | Reached **** piety under Okawaru
  9033 | D:9      | Reached skill level 10 in Long Blades
  9426 | D:9      | Found Guilait's Distillery.
  9541 | D:9      | Found a glowing golden altar of the Shining One.
  9557 | D:9      | Found a staircase to the Lair.
  9878 | D:10     | Entered Level 10 of the Dungeon
 10063 | D:10     | Reached XP level 11. HP: 22/83 MP: 11/11
 10399 | D:10     | Reached ***** piety under Okawaru
 10399 | D:10     | Reached skill level 10 in Shields
 10642 | D:10     | Noticed a cyclops
 10657 | D:10     | Killed a cyclops
 11146 | D:10     | Reached skill level 11 in Long Blades
 12051 | D:10     | Found Wutiby's Book Emporium.
 12705 | D:11     | Received a gift from Okawaru
 12834 | D:11     | Found a frozen archway.
 12860 | IceCv    | Entered an ice cave
 12939 | IceCv    | Reached ****** piety under Okawaru
 13081 | IceCv    | Reached XP level 12. HP: 32/92 MP: 12/12
 13383 | IceCv    | Identified a +2 pair of boots of running (You found it in an ice cave)
 13547 | IceCv    | Reached skill level 12 in Long Blades
 14059 | IceCv    | Noticed a reaper
 14079 | IceCv    | Mangled by a reaper

Vault maps used:
D:1:      dpeg_arrival_stone_temple_mockup
D:2:      first_bread, uniq_jessica, uniq_robin
D:3:      grunt_ministairs_8
D:4:      grunt_temple_overflow_cloverleaf, serial_shops, shop,
          kennysheep_big_empty_room
D:5:      uniq_sigmund
D:6:      serial_shops, nicolae_shop_trees
D:8:      uniq_joseph
D:9:      lemuel_doored_altar, minmay_lair_entry_lava, serial_shops,
          nicolae_shop_crystal
D:10:     serial_shops, kennysheep_mini, hangedman_fish_farm, minmay_nine_imps
D:11:     wad_lake_hut, portal_ice_cave_rime, kennysheep_generic_room_9
IceCv:    ice_cave_small_demon

Skill      XL: |  1  2  3  4  5  6  7  8  9 10 11 12 |
---------------+-------------------------------------+-----
Shields        | 4 5 6 7 8 9 11 | 11.3
Armour         | 4 5 7 8 9 |  9.6
Long Blades    | 3 4 5 7 8 10 11 12 | 12.1
Fighting       | 4 5 6 8 |  8.2
Dodging        | 1 2 |  2.0
Short Blades   | 1 |  1.0
Stealth        | |  0.3

Action                   |  1- 3 |  4- 6 |  7- 9 | 10-12 || total
-------------------------+-------+-------+-------+-------++-------
Melee: Long sword        |   113 |   230 |   596 |   816 ||  1755
       Short sword       |       |       |       |    32 ||    32
       Great sword       |       |       |       |   106 ||   106
Invok: Heroism           |       |       |     1 |     2 ||     3
 Abil: Dig               |       |     1 |     2 |     3 ||     6
  Use: Scroll            |     2 |       |     3 |    13 ||    18
       Potion            |       |     1 |       |     4 ||     5
  Eat: Chunk             |     1 |       |     4 |    25 ||    30
       Bread ration      |       |     1 |     1 |       ||     2
       Meat ration       |       |     1 |       |     1 ||     2
       Fruit             |       |       |     3 |       ||     3
Armor: Scale mail        |    21 |       |       |       ||    21
       Chain mail        |    47 |       |       |       ||    47
       Plate armour      |       |   131 |   317 |   329 ||   777
       Skin              |       |       |       |     5 ||     5
Dodge: Dodged            |    32 |    48 |   114 |   161 ||   355
Block: Shield            |    60 |   131 |   298 |   470 ||   959
       Rpst.: Long sword |     5 |    22 |    29 |    35 ||    91
       Great sword       |       |       |       |     5 ||     5
